IL
NEW ORLEANS ZEPHYRS @ GWINNETT BRAVES
06/24/2048
 
TOP OF THE 1ST
New Orleans Zephyrs batting - Pitching for Gwinnett Braves : RHP Jeff Olech
Pitching: RHP Jeff Olech
Batting: LHB David Doge 0-0: Called Strike
0-1: Foul Ball, location: 2F
0-2: Foul Ball, location: 2F
0-2: Ball
1-2: Ball
2-2: Ball
3-2: Foul Ball, location: 2F
3-2: Strikes out looking
Batting: RHB Rick Fell 0-0: Ball
1-0: Called Strike
1-1: Foul Ball, location: 2F
1-2: Foul Ball, location: 2F
1-2: Ball
2-2: Ground out 6-3 (Groundball, 6M, EV 83.1 MPH)
Batting: RHB Manuel Taveras 0-0: Called Strike
0-1: Called Strike
0-2: Foul Ball, location: 2F
0-2: Strikes out swinging
Top of the 1st over - 0 runs, 0 hits, 0 errors, 0 left on base; New Orleans 0 - Gwinnett 0
BOTTOM OF THE 1ST
Gwinnett Braves batting - Pitching for New Orleans Zephyrs : RHP Nick Newmaster
Pitching: RHP Nick Newmaster
Batting: RHB Nate Taylor 0-0: Ball
1-0: Called Strike
1-1: Ball
2-1: Foul Ball, location: 2F
2-2: Strikes out swinging
Batting: RHB Edgar Castillo 0-0: Foul Ball, location: 2F
0-1: Hit by Pitch
Pinch Runner at 1st Fred Arends:
Batting: LHB David Bramble 0-0: Foul Ball, location: 2F
0-1: Ball
1-1: Swinging Strike
1-2: Strikes out swinging
Batting: SHB Bob Morales 0-0: Ground out 4-3 (Groundball, 34, EV 106.9 MPH)
Bottom of the 1st over - 0 runs, 0 hits, 0 errors, 1 left on base; New Orleans 0 - Gwinnett 0
TOP OF THE 2ND
New Orleans Zephyrs batting - Pitching for Gwinnett Braves : RHP Jeff Olech
Now in LF: Fred Arends
Batting: LHB Eric Bailey 0-0: Ball
1-0: Ball
2-0: Ball
3-0: Called Strike
3-1: Base on Balls
Batting: RHB Isaiah Brockman 0-0: Ball
1-0: Grounds into double play, 6-4-3 (Groundball, 6, EV 100.6 MPH)
Batting: RHB Torquato Obawole 0-0: Ball
1-0: Foul Ball, location: 2F
1-1: SINGLE (Flyball, 6MD, EV 95.0 MPH)
Batting: RHB Masumitsu Sugiura 0-0: Called Strike
0-1: Ball
1-1: Swinging Strike
1-2: Ball
2-2: Strikes out swinging
Top of the 2nd over - 0 runs, 1 hit, 0 errors, 1 left on base; New Orleans 0 - Gwinnett 0
BOTTOM OF THE 2ND
Gwinnett Braves batting - Pitching for New Orleans Zephyrs : RHP Nick Newmaster
Batting: SHB Brian Bagley 0-0: Called Strike
0-1: Called Strike
0-2: Foul Ball, location: 2F
0-2: Ball
1-2: Ground out 4-3 (Groundball, 4, EV 82.5 MPH)
Batting: LHB Chris Locklear 0-0: TRIPLE (Line Drive, 78XD, EV 108.8 MPH)
Batting: RHB Alex Munoz 0-0: Ball
1-0: Called Strike
1-1: Ball
2-1: Fly out, F9 (Flyball, 9, EV 85.0 MPH)
Runner from 3rd tags up, SCORES, throw by RF
Batting: RHB John Peterson 0-0: Called Strike
0-1: Fly out, F8 (Flyball, 8RXD, EV 105.0 MPH)
Bottom of the 2nd over - 1 run, 1 hit, 0 errors, 0 left on base; New Orleans 0 - Gwinnett 1
TOP OF THE 3RD
New Orleans Zephyrs batting - Pitching for Gwinnett Braves : RHP Jeff Olech
Batting: LHB Jeff Tavella 0-0: Called Strike
0-1: Foul Ball, location: 2F
0-2: Foul Ball, location: 2F
0-2: Ball
1-2: Ball
2-2: Ground out U3 (Groundball, 34S, EV 91.9 MPH)
Batting: RHB John Jackson 0-0: Ball
1-0: Called Strike
1-1: Ground out 4-3 (Groundball, 4, EV 91.2 MPH)
Batting: LHB David Doge 0-0: Called Strike
0-1: Ball
1-1: Foul Ball, location: 2F
1-2: Ball
2-2: TRIPLE (Line Drive, 8RD, EV 108.8 MPH)
Batting: RHB Rick Fell 0-0: Called Strike
0-1: Called Strike
0-2: Foul Ball, location: 2F
0-2: Strikes out swinging
Top of the 3rd over - 0 runs, 1 hit, 0 errors, 1 left on base; New Orleans 0 - Gwinnett 1
BOTTOM OF THE 3RD
Gwinnett Braves batting - Pitching for New Orleans Zephyrs : RHP Nick Newmaster
Batting: RHB Mike Meeker 0-0: Foul Ball, location: 2F
0-1: Swinging Strike
0-2: Ball
1-2: Strikes out swinging
Batting: RHB Nate Taylor 0-0: Called Strike
0-1: Foul Ball, location: 2F
0-2: Strikes out swinging
Batting: LHB Fred Arends 0-0: Called Strike
0-1: Ball
1-1: Ground out U3 (Groundball, 3L, EV 88.1 MPH)
Bottom of the 3rd over - 0 runs, 0 hits, 0 errors, 0 left on base; New Orleans 0 - Gwinnett 1
TOP OF THE 4TH
New Orleans Zephyrs batting - Pitching for Gwinnett Braves : RHP Jeff Olech
Batting: RHB Manuel Taveras 0-0: Ball
1-0: Ball
2-0: Fly out, F8 (Flyball, 8LXD, EV 86.2 MPH)
Batting: LHB Eric Bailey 0-0: Called Strike
0-1: Foul Ball, location: 2F
0-2: Ball
1-2: Ground out 5-3 (Groundball, 56S, EV 91.9 MPH)
Batting: RHB Isaiah Brockman 0-0: Fly out, F8 (Flyball, 8LS, EV 88.1 MPH)
Top of the 4th over - 0 runs, 0 hits, 0 errors, 0 left on base; New Orleans 0 - Gwinnett 1
BOTTOM OF THE 4TH
Gwinnett Braves batting - Pitching for New Orleans Zephyrs : RHP Nick Newmaster
Batting: LHB David Bramble 0-0: Ball
1-0: Ball
2-0: Ball
3-0: Called Strike
3-1: Foul Ball, location: 2F
3-2: Foul Ball, location: 2F
3-2: Foul Ball, location: 2F
3-2: Foul Ball, location: 2F
3-2: Foul Ball, location: 2F
3-2: Foul Ball, location: 2F
3-2: Base on Balls
Batting: SHB Bob Morales 0-0: Called Strike
0-1: Called Strike
0-2: Strikes out swinging
Batting: SHB Brian Bagley 0-0: Called Strike
0-1: Foul Ball, location: 2F
0-2: Ball
1-2: Strikes out swinging
Batting: LHB Chris Locklear 0-0: Ground out 4-3 (Groundball, 34, EV 93.8 MPH)
Bottom of the 4th over - 0 runs, 0 hits, 0 errors, 1 left on base; New Orleans 0 - Gwinnett 1
TOP OF THE 5TH
New Orleans Zephyrs batting - Pitching for Gwinnett Braves : RHP Jeff Olech
Batting: RHB Torquato Obawole 0-0: Ball
1-0: Called Strike
1-1: Swinging Strike
1-2: Strikes out swinging
Batting: RHB Masumitsu Sugiura 0-0: Fly out, F9 (Line Drive, 9S, EV 91.9 MPH)
Batting: LHB Jeff Tavella 0-0: Ball
1-0: Called Strike
1-1: Called Strike
1-2: Strikes out looking
Top of the 5th over - 0 runs, 0 hits, 0 errors, 0 left on base; New Orleans 0 - Gwinnett 1
BOTTOM OF THE 5TH
Gwinnett Braves batting - Pitching for New Orleans Zephyrs : RHP Nick Newmaster
Batting: RHB Alex Munoz 0-0: Ball
1-0: Ball
2-0: Called Strike
2-1: Called Strike
2-2: Ball
3-2: Ground out 4-3 (Groundball, 4, EV 90.0 MPH)
Batting: RHB John Peterson 0-0: Ball
1-0: Swinging Strike
1-1: Foul Ball, location: 2F
1-2: Foul Ball, location: 2F
1-2: Ground out 1-3 (Groundball, 15S, EV 73.8 MPH)
Batting: RHB Mike Meeker 0-0: Swinging Strike
0-1: Called Strike
0-2: Strikes out swinging
Bottom of the 5th over - 0 runs, 0 hits, 0 errors, 0 left on base; New Orleans 0 - Gwinnett 1
TOP OF THE 6TH
New Orleans Zephyrs batting - Pitching for Gwinnett Braves : RHP Jeff Olech
Batting: RHB John Jackson 0-0: Foul Ball, location: 2F
0-1: Foul Ball, location: 2F
0-2: Ball
1-2: Strikes out swinging
Batting: LHB David Doge 0-0: Ball
1-0: Fly out, F8 (Flyball, 8RS, EV 90.0 MPH)
Batting: RHB Rick Fell 0-0: Ball
1-0: Ground out 4-3 (Groundball, 34, EV 101.9 MPH)
Top of the 6th over - 0 runs, 0 hits, 0 errors, 0 left on base; New Orleans 0 - Gwinnett 1
BOTTOM OF THE 6TH
Gwinnett Braves batting - Pitching for New Orleans Zephyrs : RHP Nick Newmaster
Batting: RHB Nate Taylor 0-0: Swinging Strike
0-1: Swinging Strike
0-2: Ball
1-2: Strikes out swinging
Batting: LHB Fred Arends 0-0: Reached on error, E2 (Groundball, 15S, EV 65.6 MPH)
Batting: LHB David Bramble 0-0: Intentional Walk
Batting: SHB Bob Morales 0-0: Ball
1-0: Ball
2-0: Called Strike
2-1: Swinging Strike
Passed Ball!
Fred Arends to third
David Bramble to second
2-2: Strikes out looking
Batting: SHB Brian Bagley 0-0: Ball
1-0: Foul Ball, location: 2F
1-1: Called Strike
1-2: SINGLE (Groundball, 4MD, EV 96.9 MPH)
Fred Arends scores
David Bramble to third
Runner from 3rd tries for Home, SAFE, throw by CF to home
Batting: LHB Chris Locklear 0-0: Fly out, F7 (Flyball, 7LM, EV 89.4 MPH)
Bottom of the 6th over - 2 runs, 1 hit, 1 error, 1 left on base; New Orleans 0 - Gwinnett 3
TOP OF THE 7TH
New Orleans Zephyrs batting - Pitching for Gwinnett Braves : RHP Jeff Olech
Batting: RHB Manuel Taveras 0-0: Foul Ball, location: 2F
0-1: Called Strike
0-2: Ball
1-2: Ball
2-2: Foul Ball, location: 2F
2-2: Ball
3-2: Base on Balls
Batting: LHB Eric Bailey 0-0: Foul Ball, location: 2F
0-1: Ball
1-1: Called Strike
1-2: Foul Ball, location: 2F
1-2: Ball
2-2: Foul Ball, location: 2F
2-2: Foul Ball, location: 2F
2-2: Ball
3-2: Foul Ball, location: 2F
3-2: Foul Ball, location: 2F
3-2: Foul Ball, location: 2F
3-2: Strikes out looking
Batting: RHB Isaiah Brockman 0-0: Ball
1-0: Ball
2-0: Swinging Strike
2-1: Ball
3-1: DOUBLE (Flyball, 8RXD, EV 111.9 MPH)
Manuel Taveras to third
Batting: RHB Torquato Obawole 0-0: Ball
1-0: Foul Ball, location: 2F
1-1: Hit by Pitch
Batting: RHB Masumitsu Sugiura 0-0: Ball
1-0: TRIPLE (Flyball, 7D, EV 96.9 MPH)
Manuel Taveras scores
Isaiah Brockman scores
Torquato Obawole scores
Batting: LHB Jeff Tavella 0-0: Intentional Walk
Pitching: RHP Larry Stegall
Batting: RHB John Jackson 0-0: Called Strike
0-1: Ground out 5-3 (Groundball, 5, EV 78.1 MPH)
Jeff Tavella to second
Batting: LHB David Doge 0-0: Ball
1-0: Foul Ball, location: 2F
1-1: Ball
Wild Pitch!
Masumitsu Sugiura scores
Jeff Tavella to third
2-1: Foul Ball, location: 2F
2-2: Fly out, F9 (Flyball, 89M, EV 73.1 MPH)
Top of the 7th over - 4 runs, 2 hits, 0 errors, 1 left on base; New Orleans 4 - Gwinnett 3
BOTTOM OF THE 7TH
Gwinnett Braves batting - Pitching for New Orleans Zephyrs : RHP Nick Newmaster
Batting: RHB Alex Munoz 0-0: Called Strike
0-1: Swinging Strike
0-2: Ball
1-2: DOUBLE (Groundball, 5L, EV 96.2 MPH)
Batting: RHB John Peterson 0-0: Ball
1-0: Foul Ball, location: 2F
1-1: SINGLE (Groundball, P, EV 83.1 MPH) (infield hit)
Alex Munoz to third
Batting: RHB Mike Meeker 0-0: Foul Ball, location: 2F
0-1: Called Strike
0-2: Ball
1-2: Ball
2-2: Strikes out swinging
Batting: RHB Nate Taylor 0-0: Ball
John Peterson steals 2nd base
1-0: Fly out, F8 (Flyball, 89S, EV 90.6 MPH)
Batting: LHB Fred Arends 0-0: Ball
1-0: Ball
2-0: Ball
3-0: Base on Balls
Pitching: RHP Matt Murray
Batting: LHB David Bramble 0-0: Called Strike
0-1: Foul Ball, location: 2F
0-2: Ball
1-2: Strikes out swinging
Bottom of the 7th over - 0 runs, 2 hits, 0 errors, 3 left on base; New Orleans 4 - Gwinnett 3
TOP OF THE 8TH
New Orleans Zephyrs batting - Pitching for Gwinnett Braves : RHP Larry Stegall
Batting: RHB Rick Fell 0-0: Ball
1-0: Ball
2-0: Ball
3-0: Called Strike
3-1: Called Strike
3-2: Foul Ball, location: 2F
3-2: Foul Ball, location: 2F
3-2: Ground out 6-3 (Groundball, 6, EV 100.0 MPH)
Batting: RHB Manuel Taveras 0-0: Ball
1-0: Foul Ball, location: 2F
1-1: SINGLE (Groundball, 6MD, EV 101.2 MPH)
Batting: LHB Eric Bailey 0-0: Ball
Manuel Taveras is caught stealing 2nd base 2-6
1-0: Called Strike
1-1: Ball
2-1: Swinging Strike
2-2: Reached via error on a dropped throw from 1B, E1 (Groundball, 34, EV 101.9 MPH)
Batting: RHB Isaiah Brockman 0-0: Ball
1-0: Ball
2-0: Ball
3-0: Called Strike
3-1: Foul Ball, location: 2F
3-2: Strikes out swinging
Top of the 8th over - 0 runs, 1 hit, 1 error, 1 left on base; New Orleans 4 - Gwinnett 3
BOTTOM OF THE 8TH
Gwinnett Braves batting - Pitching for New Orleans Zephyrs : RHP Matt Murray
Batting: SHB Bob Morales 0-0: Foul Ball, location: 2F
0-1: Ball
1-1: Ground out 4-3 (Groundball, 4S, EV 85.6 MPH)
Batting: SHB Brian Bagley 0-0: Foul Ball, location: 2F
0-1: Called Strike
0-2: Strikes out swinging
Batting: LHB Chris Locklear 0-0: Ball
1-0: Ball
2-0: Ball
3-0: Called Strike
3-1: Base on Balls
Batting: RHB Alex Munoz 0-0: Called Strike
0-1: SINGLE (Line Drive, 78S, EV 89.4 MPH)
Chris Locklear to second
Runner from 2nd tries for 3rd, OUT! 7-5
Bottom of the 8th over - 0 runs, 1 hit, 0 errors, 1 left on base; New Orleans 4 - Gwinnett 3
TOP OF THE 9TH
New Orleans Zephyrs batting - Pitching for Gwinnett Braves : RHP Larry Stegall
Pitching: RHP Adam Reynolds
Batting: RHB Torquato Obawole 0-0: Ball
1-0: Ball
2-0: Called Strike
2-1: Called Strike
2-2: Fly out, F9 (Flyball, 9LSF, EV 88.1 MPH)
Batting: RHB Masumitsu Sugiura 0-0: Called Strike
0-1: Foul Ball, location: 2F
0-2: Strikes out swinging
Pitching: RHP Chong-hun Park
Batting: LHB Jeff Tavella 0-0: Called Strike
0-1: Swinging Strike
0-2: Strikes out looking
Top of the 9th over - 0 runs, 0 hits, 0 errors, 0 left on base; New Orleans 4 - Gwinnett 3
BOTTOM OF THE 9TH
Gwinnett Braves batting - Pitching for New Orleans Zephyrs : RHP Matt Murray
Pitching: RHP J.P. Wilson
Batting: RHB John Peterson 0-0: Foul Ball, location: 2F
0-1: Foul Ball, location: 2F
0-2: Ball
1-2: Strikes out swinging
Batting: RHB Mike Meeker 0-0: Called Strike
0-1: Foul Ball, location: 2F
0-2: Ball
1-2: Ball
2-2: Ground out 4-3 (Groundball, 4, EV 88.8 MPH)
Batting: RHB Nate Taylor 0-0: Called Strike
0-1: Called Strike
0-2: Strikes out swinging
Bottom of the 9th over - 0 runs, 0 hits, 0 errors, 0 left on base; New Orleans 4 - Gwinnett 3
Tuesday, March 28th , 2023 - OOTP Baseball 23.10 Build 110